 Dungeon Crawl Stone Soup version 0.29.1-12-g30fa7ad0bf (webtiles) character file.

Game seed: 14620745484124770530

640 112233 the Thaumaturge (level 7, -6/46 HPs)
             Began as a Mummy Fire Elementalist on Dec 18, 2022.
             Mangled by an ogre
             ... wielding a +0 giant club
              (27 damage)
             ... on level 4 of the Dungeon.
             The game lasted 00:03:43 (4723 turns).

112233 the Thaumaturge (Mummy Fire Elementalist)    Turns: 4723, Time: 00:03:44

Health: -6/46      AC:  3    Str: 11    XL:     7   Next: 26%
Magic:  16/20      EV: 12    Int: 16    God:
Gold:   149        SH:  0    Dex: 19    Spells: 17/25 levels left

rFire   x . .      SeeInvis .   f - +0 dagger (venom)
rCold   + . .      Faith    .   (no shield)
rNeg    + + +      Spirit   .   a - +0 robe
rPois   ∞          Reflect  .   (no helmet)
rElec   .          Harm     .   (no cloak)
rCorr   .          Rampage  .   h - +0 pair of gloves
Will    .....                   (no boots)
Stlth   ++........              (no amulet)
HPRegen 0.15/turn               e - +6 ring of dexterity
MPRegen 0.17/turn               (no ring)

@: no status effects
A: cold resistance 1, negative energy resistance 3, torment resistance 2, heat
vulnerability 1, in touch with death 1, no potions
a: no special abilities


You were on level 4 of the Dungeon.
You visited 1 branch of the dungeon, and saw 4 of its levels.

You collected 185 gold pieces.
You spent 36 gold pieces at shops.

Inventory:

Hand Weapons
 f - a +0 dagger of venom (weapon)
Armour
 a - a +0 robe (worn)
 h - a +0 pair of gloves (worn)
Jewellery
 e - a +6 ring of dexterity (left hand)
Wands
 d - a wand of digging (1)
Scrolls
 b - 2 scrolls of blinking
 c - a scroll of fear
 g - 5 scrolls of identify


   Skills:
 - Level 1.6 Dodging
 - Level 1.6 Stealth
 + Level 9.8 Spellcasting
 - Level 0.8 Conjurations
 - Level 2.4 Fire Magic


You had 17 spell levels left.
You knew the following spells:

 Your Spells              Type           Power      Damage    Failure   Level
a - Foxfire               Conj/Fire      52%        2x1d6     4%          1
b - Scorch                Fire           30%        2d7       5%          2
c - Apportation           Tloc           14%        N/A       10%         1
d - Flame Wave            Conj/Fire      13%        2d6       43%         4

Your spell library contained the following spells:

 Spells                   Type           Power      Damage    Failure   Level
 Conjure Flame            Conj/Fire      13%        6-21      14%         3
 Inner Flame              Hex/Fire       11%        N/A       17%         3
 Ignite Poison            Fire/Tmut/Pois 10%        N/A       21%         3
 Mephitic Cloud           Conj/Pois/Air  8%         N/A       26%         3
 Call Canine Familiar     Summ           7%         N/A       28%         3
 Portal Projectile        Hex/Tloc       14%        N/A       28%         3
 Leda's Liquefaction      Hex/Erth       3%         N/A       67%         4
 Freezing Cloud           Conj/Ice/Air   4%         6-21      93%         5
 Alistair's Intoxication  Tmut/Pois      4%         N/A       95%         5


Dungeon Overview and Level Annotations

Branches:
Dungeon (4/15)
 Temple: D:4-7

Altars:

Shops:
D:4 **(


Innate Abilities, Weirdness & Mutations

You are immune to poison.
Your flesh is cold resistant. (rC+)
You are immune to negative energy. (rN+++)
You are immune to unholy pain and torment.
You are vulnerable to heat. (rF-)
You are in touch with the powers of death.
You do not drink.


Message History

Confirm with . or Enter, or press ? or * to list all spells.
You conjure some foxfire!
Your foxfire dissipates!
Your magical contamination has completely faded away.
Your foxfire dissipates!
Your foxfire dissipates!
Things that are here:
a +0 short sword; 5 stones
Found a stone staircase leading up.
Key pressed, stopping explore.
An ogre comes into view. It is wielding a +0 giant club.
An ogre is nearby!
An ogre is nearby!
Unknown command.
An ogre is nearby!
Unknown command.
Casting: Foxfire (safe; 4% risk of failure)
Confirm with . or Enter, or press ? or * to list all spells.
You can't see any susceptible monsters within range! (Use Z to cast anyway.) Unknown command.
Casting: Foxfire (safe; 4% risk of failure)
Confirm with . or Enter, or press ? or * to list all spells.
You conjure some foxfire!
The foxfire hits the ogre.
The ogre is moderately wounded.
The ogre shouts!
Casting: Foxfire (safe; 4% risk of failure)
Confirm with . or Enter, or press ? or * to list all spells.
Flames lash the ogre.
The ogre is moderately wounded.
The ogre's fire resistance burns away.
Casting: Scorch (safe; 5% risk of failure)
Confirm with . or Enter, or press ? or * to list all spells.
Flames lash the ogre.
The ogre is burned terribly!
The ogre is severely wounded.
The ogre hits you with a +0 giant club!!
Ouch! That really hurt!
The ogre hits you with a +0 giant club!!
Ouch! That really hurt!
You die...

#.##.)#.###......##
#.##..#.###.......#
#.................#
####.†####..).....#
#.............##
##..##........####
..#####...###.......#...
....<.............†...##
######@#.####..##..#.#
......O.#.####..##..#.##
.########...........#...
######..##.##.##
#..##.##.#
##########..##.##.##
.r...÷....†....##...
>...######).#####... #
#.........# ##..


You could see an ogre (combustible).

Vanquished Creatures
  Sigmund (D:3)
  A water moccasin (D:4)
  An ogre (D:4)
  A phantom (D:3)
  A scorpion (D:4)
  An iguana (D:4)
  4 adders
  A dart slug (D:2)
  3 worms
  9 orcs (D:3)
  5 endoplasms
  2 giant cockroaches
  7 goblins
  5 hobgoblins
  4 jackals (D:2)
  5 quokkas
  5 ball pythons
  3 bats
  7 frilled lizards
  12 kobolds
  7 rats
85 creatures vanquished.

Vanquished Creatures (others)
  293 foxfires
293 creatures vanquished.

Grand Total: 378 creatures vanquished

Notes
Turn   | Place    | Note
-------+----------+-------------------------------------------
     0 | D:1      | 112233 the Mummy Fire Elementalist began the quest for the
                  | Orb.
     0 | D:1      | Reached XP level 1. HP: 13/13 MP: 4/4
   124 | D:1      | Reached skill level 3 in Spellcasting
   272 | D:1      | Reached XP level 2. HP: 19/19 MP: 4/6
   868 | D:1      | Reached skill level 4 in Spellcasting
   974 | D:1      | Learned a level 2 spell: Scorch
  1357 | D:2      | Gained mutation: You are in touch with the powers of death.
                  | [Mummy growth]
  1357 | D:2      | Reached XP level 3. HP: 24/24 MP: 6/8
  2033 | D:2      | Reached skill level 5 in Spellcasting
  2152 | D:2      | Found a faded altar of an unknown god.
  2192 | D:2      | Reached XP level 4. HP: 30/30 MP: 7/11
  2624 | D:3      | Noticed Sigmund
  2635 | D:3      | Killed Sigmund
  2636 | D:3      | Reached skill level 7 in Spellcasting
  2636 | D:3      | Reached XP level 5. HP: 14/35 MP: 2/14
  3064 | D:3      | Noticed a phantom
  3083 | D:3      | Killed a phantom
  3084 | D:3      | Reached skill level 8 in Spellcasting
  3084 | D:3      | Reached XP level 6. HP: 36/41 MP: 11/17
  3192 | D:3      | Learned a level 1 spell: Apportation
  3197 | D:3      | Learned a level 4 spell: Flame Wave
  3822 | D:4      | Found Ximuh's General Store.
  3824 | D:4      | Found Nit Rawn's Specific Store.
  3840 | D:4      | Bought a scroll of teleportation for 36 gold pieces
  3873 | D:4      | Noticed a sky beast
  4096 | D:4      | Noticed a water moccasin
  4107 | D:4      | Killed a water moccasin
  4196 | D:4      | Reached skill level 9 in Spellcasting
  4196 | D:4      | Reached XP level 7. HP: 40/46 MP: 11/19
  4286 | D:4      | Found Byisoanah's Weapon Boutique.
  4334 | D:4      | Identified the +3 leather armour of Gozag's Displeasure
                  | {rCorr Str+4 Dex-3}
  4723 | D:4      | Mangled by an ogre

Illustrated notes

Levels and vault maps discovered:
D:1:      minmay_arrival_glassed_features, layout_loops_ring, amethyst_killhole
D:2:      layout_rooms, shapermc_ecumenical_altar_flowoftime,
          minmay_goblin_kobold_house
D:3:      layout_basic, serial_curves, eino_curves_02, eino_curves_01,
          minmay_diced_spiral, uniq_sigmund
D:4:      layout_loops_ring, mainiacjoe_overflow_alcove_1, serial_shops,
          nicolae_shop_bloodbath_and_beyond, nicolae_specific_store,
          minmay_manual_macuahuitl

Skill      XL: |  1  2  3  4  5  6 |
---------------+-------------------+-----
Spellcasting   | 3 4 5 7 8 9 |  9.8
Dodging        | |  1.6
Stealth        | |  1.6
Conjurations   | |  0.8
Fire Magic     | |  2.4

Action                   |  1- 3 |  4- 6 |  7- 9 || total
-------------------------+-------+-------+-------++-------
Melee: Dagger            |     1 |     5 |       ||     6
 Cast: Foxfire           |   102 |    55 |    18 ||   175
       Scorch            |     1 |    19 |    12 ||    32
  Use: Scroll            |       |     6 |       ||     6
Armor: Robe              |     7 |     9 |     2 ||    18
Dodge: Dodged            |    14 |    53 |     3 ||    70
